 Dungeon Crawl Stone Soup version 0.24-a0-381-g637bb3806f (webtiles) character file.

Game seed: 14902251379537853329

68 Ijustatesigmund the Cudgeler (level 4, -1/33 HPs)
             Began as an Octopode Fighter on June 3, 2019.
             Slain by an ogre
             ... wielding a +0 giant club
              (27 damage)
             ... on level 5 of the Dungeon.
             The game lasted 00:03:20 (2158 turns).

Ijustatesigmund the Cudgeler (Octopode Fighter)     Turns: 2158, Time: 00:03:21

Health: -1/33      AC:  1    Str: 15    XL:     4   Next: 19%
Magic:  4/4        EV: 12    Int: 10    God:
Gold:   87         SH:  9    Dex: 14    Spells: 3/3 levels left

rFire    . . .     SeeInvis .   a - -1 whip (curse)
rCold    . . .     Gourm    .   b - +0 shield
rNeg     . . .     Faith    .   (helmet restricted)
rPois    .         Spirit   .   (no amulet)
rElec    .         Reflect  .   h - ring of attention (curse)
rCorr    .         Harm     .   j - +2 ring of dexterity
MR       .....                  (no ring)
Stlth    +.........             (no ring)
HPRegen  0.11/turn              (no ring)
MPRegen  0.09/turn              (no ring)
                                (no ring)
                                (no ring)

@: no status effects
A: almost no armour, stealthy swim, amphibious, 8 rings, constrict 8, camouflage
1, gelatinous body 1
a: no special abilities


You were on level 5 of the Dungeon.
You were not hungry.

You visited 1 branch of the dungeon, and saw 4 of its levels.

You collected 87 gold pieces.

Inventory:

Hand Weapons
 a - a cursed -1 whip (weapon)
 f - a +0 flail
 k - a +3 whip of flaming
Missiles
 e - a throwing net (quivered)
Armour
 b - a +0 shield (worn)
Jewellery
 h - a cursed ring of attention (left tentacle)
 j - a +2 ring of dexterity (right tentacle)
Wands
 p - a wand of enslavement (7)
Scrolls
 i - 2 scrolls of identify
Potions
 c - 2 potions of might
 g - a potion of curing
 m - a potion of berserk rage {unknown}
 n - a potion of agility {unknown}
Comestibles
 d - 4 rations
 l - a chunk of flesh


   Skills:
 + Level 3.7 Fighting
 * Level 3.7 Maces & Flails
 - Level 3.0 Dodging
 - Level 3.0 Shields


You had 3 spell levels left.
You didn't know any spells.
Your spell library was empty.

Dungeon Overview and Level Annotations

Branches:
Dungeon (3/15)

Altars:
Fedhas


Innate Abilities, Weirdness & Mutations

You cannot wear most types of armour.
You are very stealthy in the water. (Stealth+)
You are amphibious.
You can wear up to eight rings at the same time.
You can use your tentacles to constrict eight enemies at once.
Your skin changes colour to match your surroundings (Stealth+).
Your rubbery body absorbs attacks. (AC +1, EV +1)


Message History

You see here a jackal corpse.
You butcher the jackal corpse.
l - 2 chunks of flesh You see here a jackal skeleton.
Eating one of 2 chunks of flesh.
You eat one of the 2 chunks of flesh.
This raw flesh tastes terrible.
A crimson imp comes into view.
The crimson imp shouts!
Found a stone staircase leading down.
The crimson imp blinks!
An ogre comes into view. It is wielding a +0 giant club.
The crimson imp blinks!
You hit the ogre but do no damage. Your squeeze misses the ogre.
The ogre misses you. The crimson imp hits you.
You hit the ogre but do no damage. You squeeze the ogre!
The ogre is moderately wounded.
The crimson imp hits you.
The ogre hits you with a +0 giant club!!
Ouch! That really hurt!
You die...

##.....#..#...##.....
#........###..#......
##...<.#......#......
###..(##....#.#..#...
##..........##...##..#
##>..#...........
#....##......
#.....#5##...
##....@..# ..
#.....O......
###...#......
#...#..#... ....# .#
.. ....## .# # .....#
. ...### #.


You could see an ogre and a crimson imp.

Vanquished Creatures
  An adder skeleton (D:5)
  3 worms (D:2)
  2 dart slugs
  A leopard gecko (D:1)
  3 ball pythons
  A giant cockroach (D:2)
  6 goblins
  6 hobgoblins
  4 jackals
  A quokka (D:2)
  3 bats
  5 frilled lizards
  8 kobolds
  6 rats
50 creatures vanquished.

Notes
Turn   | Place    | Note
-------+----------+-------------------------------------------
     0 | D:1      | Ijustatesigmund the Octopode Fighter began the quest for
                  | the Orb.
     0 | D:1      | Reached XP level 1. HP: 16/16 MP: 1/1
   155 | D:1      | Reached XP level 2. HP: 19/21 MP: 2/2
   598 | D:1      | You fall into a shaft and drop 1 floor!
   612 | D:2      | Reached XP level 3. HP: 15/26 MP: 3/3
  1978 | D:3      | Reached XP level 4. HP: 31/32 MP: 4/4
  2023 | D:3      | Found a blossoming altar of Fedhas.
  2106 | D:3      | You fall into a shaft and drop 2 floors!
  2106 | D:5      | Entered Level 5 of the Dungeon
  2153 | D:5      | Noticed an ogre
  2158 | D:5      | Slain by an ogre

Levels and vault maps discovered:
D:1:      dpeg_arrival_rooms_a, layout_basic
D:2:      layout_basic, st_stairs_10
D:3:      layout_basic, first_ration, fedhas_altar_3
D:5:      layout_cave_pools

Skill      XL: |  1  2 |
---------------+-------+-----
Maces & Flails | 3 |  3.7
Fighting       | |  3.7
Dodging        | |  3.0
Shields        | |  3.0

Action                   |  1- 3 |  4- 6 || total
-------------------------+-------+-------++-------
Melee: Whip              |    81 |    18 ||    99
       Tentacles         |    15 |     5 ||    20
       Flail             |     3 |       ||     3
       Constrict         |    25 |     5 ||    30
  Use: Scroll            |     6 |       ||     6
 Stab: Sleeping          |     3 |     1 ||     4
  Eat: Chunk             |     3 |     1 ||     4
Armor: Skin              |     5 |       ||     5
Dodge: Dodged            |    26 |     8 ||    34
Block: Shield            |    33 |     7 ||    40

Table legend:
 A = Non-vault XP
 B = Vault XP
 C = Vault XP percentage of total XP
 D = Non-vault monster count
 E = Vault monster count
 F = Vault count percentage of total count
                 A         B        C        D         E       F
            +---------+---------+-------+---------+---------+-------
      Total |      90 |       8 |   8.2 |      47 |       3 |   6.0
            +---------+---------+-------+---------+---------+-------
        D:1 |      33 |       0 |   0.0 |      20 |       0 |   0.0
        D:2 |      39 |       8 |  17.0 |      18 |       3 |  14.3
        D:3 |       9 |       0 |   0.0 |       6 |       0 |   0.0
        D:5 |       9 |       0 |   0.0 |       3 |       0 |   0.0
            +---------+---------+-------+---------+---------+-------
